 Dungeon Crawl Stone Soup version 0.20-a0-514-g839ffe0 (webtiles) character file.

9009 JeffiDaFish the Blocker (level 11, -2/69 HPs)
             Began as a Gargoyle Fighter on Jan 18, 2017.
             Was an Elder of Makhleb.
             Killed by divine providence
             ... invoked by an orc priest
              (8 damage)
             ... on level 10 of the Dungeon on Jan 23, 2017.
             The game lasted 00:29:36 (9673 turns).

JeffiDaFish the Blocker (Gargoyle Fighter)          Turns: 9673, Time: 00:29:37

Health: -2/69      AC: 29    Str: 20    XL:     11   Next: 39%
Magic:  25/25      EV:  7    Int: 13    God:    Makhleb [****..]
Gold:   543        SH: 14    Dex: 11    Spells: 14/17 levels left

rFire    . . .     SeeInvis .   q - +1 morningstar
rCold    . . .     Gourm    .   t - +1 plate armour
rNeg     + . .     Faith    .   w - +2 shield
rPois    ∞         Spirit   .   (no helmet)
rElec    +         Reflect  .   a - +0 cloak
rCorr    .         Harm     .   s - +2 pair of gloves
MR       ++...                  p - +1 pair of boots
Stlth    ..........             (no amulet)
Regen    0.3/turn               v - ring of the Mage {Wiz MR++ Int+3}
                                m - ring of magical power

@: no status effects
A: talons 1, blurry vision 1, negative energy resistance 1, electricity
resistance, unbreathing, petrification resistance, rot immunity, sturdy frame 1,
AC +7
a: Minor Destruction, Lesser Servant of Makhleb, Major Destruction, Renounce
Religion


You were on level 10 of the Dungeon.
You worshipped Makhleb.
Makhleb was greatly pleased with you.
You were not hungry.

You visited 2 branches of the dungeon, and saw 11 of its levels.

You collected 543 gold pieces.

Inventory:

Hand Weapons
 q - a +1 morningstar (weapon)
Armour
 a - a +0 cloak (worn)
 p - a +1 pair of boots (worn)
 s - a +2 pair of gloves (worn)
 t - a +1 plate armour (worn)
 w - a +2 shield (worn)
Jewellery
 m - a ring of magical power (left hand)
 v - the ring of the Mage (right hand) {Wiz MR++ Int+3}
   (You took it off an orc wizard on level 9 of the Dungeon)

   [ring of wizardry]

   It improves your spell success rate.
   It affects your intelligence (+3).
   It affects your resistance to hostile enchantments.
Scrolls
 e - 2 scrolls of teleportation
 l - 3 scrolls of fog
 o - 3 scrolls of identify
 r - 2 scrolls of fear
Potions
 c - a potion of berserk rage
 d - 2 potions of might
 g - a potion of curing
Books
 b - a book of Callings

   Spells                             Type                      Level
   a - Summon Small Mammal            Summoning                    1
   b - Call Imp                       Summoning                    2
   c - Call Canine Familiar           Summoning                    3
   d - Summon Guardian Golem          Hexes/Summoning              3
   e - Summon Lightning Spire         Summoning/Air                4
   f - Summon Ice Beast               Ice/Summoning                4
Comestibles
 f - 9 bread rations
 h - 7 royal jellies
 i - 10 fruits
 j - 7 meat rations
 k - 2 royal jellies


   Skills:
 * Level 8.8 Fighting
 * Level 9.3 Maces & Flails
 * Level 8.6 Armour
 - Level 1.7 Dodging
 - Level 0.2 Stealth
 * Level 10.0 Shields
 + Level 3.5 Spellcasting
 + Level 3.8 Summonings


You had 14 spell levels left.
You knew the following spells:

 Your Spells              Type           Power        Failure   Level  Hunger
a - Call Canine Familiar  Summ           ##......     93%         3    ###....


Dungeon Overview and Level Annotations

Branches:
Dungeon (10/15)            Temple (1/1) D:4             Orc (0/2) D:9
   Lair: D:8-11

Altars:
Ashenzari
Dithmenos
Elyvilon
Fedhas
Gozag
Hepliaklqana
Kikubaaqudgha
Makhleb
Nemelex Xobeh
Okawaru
Qazlal
Ru
Uskayaw
Vehumet
Xom
Yredelemnul
Zin
The Shining One

Shops:
D:9 (}}[


Innate Abilities, Weirdness & Mutations

You are resistant to torment.
Your stone body is resilient. (AC +7)
You are immune to poison.
You resist negative energy. (rN+)
You are resistant to electric shocks. (rElec)
You can survive without breathing.
You are immune to petrification.
You are immune to rotting.
You have sharp toenails.
Scrolls take you a little longer to read.
Your movements are slightly less encumbered by armour. (ER -2)


Message History

The orc wizard seems to speed up.
You see here a wyvern corpse.
The orc hits you but does no damage.
The orc priest invokes the aid of Beogh against you.
Beogh smites you!
The orc warrior hits you with a dire flail!
* * * LOW HITPOINT WARNING * * *
The kobold hits you but does no damage. The orc closely misses you.
The orc priest begins to cast a cantrip, but forgets the words!
The orc wizard gestures wildly while chanting.
The orc wizard blinks!
The orc priest calls down the wrath of Beogh upon you.
Beogh smites you!
* * * LOW HITPOINT WARNING * * *
The orc wizard casts a spell at you. The magic dart hits you!
The orc priest invokes the aid of Beogh against you.
Beogh smites you!
You die...

#. ....... # ..#.........
##.#............
..#../........
............### #.#
#............##...#
##..KK.KK......#..##
#..@oo.##...........
#......KO...........
########.....KOl(.........#
#...........(oZ†oo[........
#.............o.(..<......#
##..........#...o..........l
..........o................#
#..........................
#.....<.....#######........


You could see an orc warrior, a big kobold, 2 ogres, an iguana, an orc priest, 2
orc wizards, 4 orcs, a centaur warrior zombie and 5 kobolds.

Vanquished Creatures
  A two-headed ogre (D:8)
  An unseen horror (D:9)
  A cyclops (D:9)
  Psyche (D:8)
  A troll (D:9)
  A hornet (D:9)
  3 yaks (D:9)
  A wyvern (D:10)
  4 wargs (D:9)
  2 water moccasins (D:9)
  3 ice beasts
  2 phantoms (D:6)
  2 sky beasts
  A black bear (D:9)
  4 orc warriors
  6 centaurs
  3 ogres (D:9)
  A necrophage (D:9)
  A big kobold (D:8)
  A gnoll sergeant (D:9)
  8 bullfrogs
  11 scorpions
  15 killer bees
  3 wights (D:9)
  3 howler monkeys
  3 crimson imps
  2 bullfrog zombies
  4 hounds
  A jelly (D:6)
  8 orc priests
  A gnoll shaman (D:9)
  A centaur skeleton (D:8)
  An iguana (D:8)
  8 orc wizards
  3 bullfrog skeletons
  Ijyb (D:2)
  4 worker ants
  19 adders
  11 gnolls
  6 shadow imps
  3 oozes
  3 worms
  5 leopard geckos
  37 orcs
  A ball python (D:2)
  13 bats
  6 giant cockroaches
  2 gnoll zombies (D:8)
  9 hobgoblins
  9 jackals
  7 quokkas
  3 frilled lizards (D:1)
  10 goblins
  11 kobolds
  5 rats
277 creatures vanquished.

Vanquished Creatures (others)
  An orc warrior (D:7)
  A fungus (D:7)
2 creatures vanquished.

Grand Total: 279 creatures vanquished

Notes
Turn   | Place    | Note
-------+----------+-------------------------------------------
     0 | D:1      | JeffiDaFish the Gargoyle Fighter began the quest for the Orb.
     0 | D:1      | Reached XP level 1. HP: 14/14 MP: 1/1
    87 | D:1      | Reached XP level 2. HP: 19/19 MP: 2/2
   569 | D:1      | Reached XP level 3. HP: 22/24 MP: 3/3
   891 | D:2      | Found a shattered altar of Ashenzari.
   916 | D:2      | Reached XP level 4. HP: 29/29 MP: 4/4
   943 | D:2      | Noticed Ijyb
   950 | D:2      | Killed Ijyb
  1655 | D:2      | Reached XP level 5. HP: 25/33 MP: 5/5
  1755 | D:3      | Reached skill level 4 in Shields
  2197 | D:3      | Found an iron altar of Okawaru.
  2321 | D:3      | Reached skill level 1 in Dodging
  2556 | D:3      | Reached XP level 6. HP: 38/38 MP: 6/6
  2775 | D:4      | Found a staircase to the Ecumenical Temple.
  2796 | Temple   | Entered the Ecumenical Temple
  2870 | Temple   | Became a worshipper of Makhleb the Destroyer
  2961 | D:4      | Reached skill level 5 in Shields
  2961 | D:4      | Reached XP level 7. HP: 24/44 MP: 7/7
  3501 | D:5      | Entered Level 5 of the Dungeon
  3512 | D:5      | Reached skill level 5 in Maces & Flails
  3523 | D:5      | Gained mutation: Your movements are slightly less encumbered by armour. (ER -2) [potion of mutation]
  3523 | D:5      | Gained mutation: You have sharp toenails. [potion of mutation]
  4229 | D:5      | Found a glowing silver altar of Zin.
  4299 | D:6      | Reached skill level 5 in Fighting
  4306 | D:6      | Reached XP level 8. HP: 42/49 MP: 8/8
  4490 | D:6      | Reached skill level 5 in Armour
  4490 | D:6      | Reached skill level 6 in Shields
  4746 | D:6      | Reached * piety under Makhleb
  4854 | D:6      | HP: 1/50 [orc warrior/halberd (14)]
  5481 | D:7      | Upgraded the game from 0.20-a0-495-g2241292 to 0.20-a0-501-g0de2c2e
  5499 | D:7      | Reached skill level 7 in Shields
  5540 | D:7      | Learned a level 3 spell: Call Canine Familiar
  5591 | D:7      | Reached XP level 9. HP: 55/55 MP: 9/9
  5963 | D:7      | Reached skill level 1 in Spellcasting
  5963 | D:7      | Reached skill level 1 in Summonings
  6357 | D:8      | Noticed Psyche
  6684 | D:8      | Reached ** piety under Makhleb
  6721 | D:8      | Killed Psyche
  6721 | D:8      | Reached skill level 8 in Shields
  6740 | D:8      | Gained mutation: Scrolls take you a little longer to read. [mutagenic glow]
  6868 | D:8      | Got an ancient dagger
  6871 | D:8      | Identified the +0 dagger "Arcanum" {drain, *Corrode +Blink rPois Str+4} (You found it on level 8 of the Dungeon)
  6953 | D:8      | Noticed a two-headed ogre
  6964 | D:8      | Killed a two-headed ogre
  6964 | D:8      | Reached XP level 10. HP: 27/63 MP: 13/13
  7693 | D:8      | Upgraded the game from 0.20-a0-501-g0de2c2e to 0.20-a0-502-g555d78b
  7702 | D:8      | Found a basalt altar of Yredelemnul.
  7875 | D:9      | Found Plog's Antique Weapon Emporium.
  8005 | D:9      | Noticed a cyclops
  8035 | D:9      | Killed a cyclops
  8097 | D:9      | Reached skill level 9 in Shields
  8244 | D:9      | Reached *** piety under Makhleb
  8346 | D:9      | Found a staircase to the Orcish Mines.
  8473 | D:9      | Found Daupla Kinuc's Gadget Emporium.
  8532 | D:9      | Reached XP level 11. HP: 68/68 MP: 15/15
  8646 | D:9      | Found Goziufic's Antique Armour Emporium.
  8722 | D:9      | Found Foas's Gadget Shop.
  8767 | D:9      | Reached **** piety under Makhleb
  9086 | D:10     | Entered Level 10 of the Dungeon
  9329 | D:9      | Killed an unseen horror
  9527 | D:10     | Reached skill level 10 in Shields
  9652 | D:9      | Upgraded the game from 0.20-a0-502-g555d78b to 0.20-a0-514-g839ffe0
  9673 | D:10     | Killed from afar by an orc priest

Vault maps used:
D:1:      onia_arrival_mini_maze_b
D:2:      evilmike_ruin_ashenzari, uniq_iyjb
D:3:      okawaru_gym_becter
D:4:      first_bread
D:5:      wad_pebble_path, lemuel_coloured_pillars_altar
D:6:      minmay_misc_feat_ornament
D:7:      old_forge
D:8:      lemuel_zombie_altar_yredelemnul, uniq_psyche
D:9:      minmay_orc_entry_guard_dogs, serial_shops, shop_statue,
          nicolae_shop_trees, nicolae_shop_crystal, shop, grunt_ogre_cave
Temple:   hc_temple_tempest_star

Skill      XL: |  1  2  3  4  5  6  7  8  9 10 11 |
---------------+----------------------------------+-----
Maces & Flails | 3 4 5 7 8 9 |  9.3
Shields        | 4 5 7 8 9 10 | 10.0
Armour         | 4 5 6 8 |  8.6
Fighting       | 4 5 7 8 |  8.8
Dodging        | 1 |  1.7
Spellcasting   | 2 3 |  3.5
Summonings     | 2 3 |  3.8
Stealth        | |  0.2

Action                   |  1- 3 |  4- 6 |  7- 9 | 10-12 || total
-------------------------+-------+-------+-------+-------++-------
Melee: Flail             |   147 |   142 |       |       ||   289
       Morningstar       |       |   145 |   604 |   568 ||  1317
  Use: Scroll            |     5 |     4 |     5 |     3 ||    17
       Potion            |     1 |     3 |     9 |       ||    13
 Stab: Invisible         |       |       |     1 |       ||     1
       Held in net/web   |       |       |     1 |       ||     1
  Eat: Chunk             |       |     8 |    14 |    10 ||    32
Armor: Scale mail        |   115 |    95 |       |       ||   210
       Chain mail        |       |    78 |       |       ||    78
       Plate armour      |       |       |   470 |   478 ||   948
Dodge: Dodged            |    54 |    76 |   140 |   138 ||   408
Block: Shield            |   109 |   187 |   390 |   436 ||  1122
